 Dungeon Crawl Stone Soup version 0.29-a0-317-gd16b76e6b1 (webtiles) character file.

Game seed: 11229047961504584154

362 jmlagarto the Chopper (level 6, 0/56 HPs)
             Began as a Minotaur Berserker on Mar 31, 2022.
             Was a Believer of Trog.
             Slain by a gnoll
             ... wielding a +0 flail
              (7 damage)
             ... on level 4 of the Dungeon.
             The game lasted 00:04:36 (3123 turns).

jmlagarto the Chopper (Minotaur Berserker)          Turns: 3123, Time: 00:04:37

Health: 0/56       AC:  7    Str: 29    XL:     6   Next: 39%
Magic:  5/5        EV: 11    Int:  4    God:    Trog [**....]
Gold:   181        SH:  0    Dex: 10    Spells: 5/5 levels left

rFire   . . .      SeeInvis .   a - +0 hand axe
rCold   . . .      Faith    .   (no shield)
rNeg    . . .      Spirit   .   e - +0 scale mail
rPois   .          Reflect  .   (helmet restricted)
rElec   .          Harm     .   (no cloak)
rCorr   .          Rampage  .   (no gloves)
Will    ++...                   (no boots)
Stlth   ..........              (no amulet)
HPRegen 1.18/turn               g - +6 ring of strength
MPRegen 0.09/turn               (no ring)

@: strong-willed, regenerating
A: horns 2, retaliatory headbutt
a: Renounce Religion, Berserk, Trog's Hand


You were on level 4 of the Dungeon.
You worshipped Trog.
Trog was pleased with you.
You visited 1 branch of the dungeon, and saw 4 of its levels.

You collected 237 gold pieces.
You spent 56 gold pieces at shops.

Inventory:

Hand Weapons
 a - a +0 hand axe (weapon)
Missiles
 b - 63 stones (quivered)
 l - 4 poisoned darts
Armour
 e - a +0 scale mail (worn)
Jewellery
 g - a +6 ring of strength (left hand)
Wands
 p - a wand of charming (6)
Scrolls
 d - 4 scrolls of teleportation
 f - 2 scrolls of vulnerability
 h - 2 scrolls of immolation
 j - a scroll of torment {unknown}
 k - 2 scrolls of fear
 m - a scroll of holy word {unknown}
 r - a scroll of amnesia {unknown}
 s - a scroll of magic mapping {unknown}
Potions
 c - a potion of mutation {unknown}
 i - a potion of curing
 n - 2 potions of flight
 o - a potion of cancellation {unknown}
 q - 2 potions of berserk rage {unknown}


   Skills:
 + Level 5.3 Fighting
 + Level 5.3 Axes
 + Level 4.5 Armour
 + Level 4.1 Dodging


You had 5 spell levels left.
You didn't know any spells.
Your spell library was empty.

Dungeon Overview and Level Annotations

Branches:
Dungeon (4/15)
 Temple: D:4-7

Altars:

Shops:
D:3 ([*

Annotations:
D:4 Menkaure


Innate Abilities, Weirdness & Mutations

You have a pair of horns on your head.
You reflexively headbutt those who attack you in melee.


Message History

You hear a shout!
Things that are here:
a +0 spear; a gnoll corpse Your skin crawls.
You feel strong-willed.
You hear a shout!
A jackal comes into view.
A gnoll comes into view. It is wielding a +0 spear.
A jackal comes into view.
A gnoll comes into view. It is wielding a +0 flail.
A jackal comes into view.
The jackal barks!
A jackal comes into view.
The jackal bites you but does no damage.
An orc priest comes into view. It is wielding a +0 club.
The gnoll hits you from afar with a +0 spear.
The gnoll barely misses you.
The jackal moves out of view.
You are too injured to fight recklessly!
You are too injured to fight recklessly!
You are too injured to fight recklessly!
You hit Menkaure. You headbutt Menkaure!
Menkaure is heavily damaged.
You barely miss the gnoll. You barely miss the jackal.
The jackal closely misses you. You furiously retaliate!
You headbutt the jackal, but do no damage.
The gnoll hits you from afar with a +0 spear.
The gnoll hits you with a +0 flail!
Menkaure calls on the powers of darkness!
The gnoll convulses! x2; Your body is wracked with pain!
* * * LOW HITPOINT WARNING * * *
The jackal convulses! x3; The orc priest convulses!
The jackal convulses!
The jackal barks!
You hit Menkaure but do no damage. You headbutt Menkaure!
Menkaure is almost destroyed.
You hit the jackal. You closely miss the gnoll. The jackal bites you.
* * * LOW HITPOINT WARNING * * *
The gnoll hits you from afar with a +0 spear.
* * * LOW HITPOINT WARNING * * *
The gnoll hits you with a +0 flail!
You die...

....# #.#
....# #.#
.# ....#
#.##.##
....#
#.#...
....#
#.#..#
....#
#)#..#
....#
#.#..#
...##
#.#..# ...#
#h@..# ...#
#hMg.....#
...#
.h.g..##...
...#
###.#.... #
...#
#.#..##.
#o#..# #
#.#..# ..
...


You could see Menkaure, an orc priest, 2 gnolls and 3 jackals.

Vanquished Creatures
  An orc warrior (D:4)
  A hound (D:4)
  A jelly (D:4)
  An orc priest (D:4)
  Ijyb (D:3)
  Terence (D:2)
  4 gnolls
  An adder (D:4)
  4 worms
  7 orcs (D:4)
  8 ball pythons
  3 endoplasms
  2 giant cockroaches (D:1)
  3 goblins
  2 hobgoblins
  7 jackals
  A quokka (D:1)
  4 bats
  4 frilled lizards
  9 kobolds
  11 rats
76 creatures vanquished.

Notes
Turn   | Place    | Note
-------+----------+-------------------------------------------
     0 | D:1      | jmlagarto the Minotaur Berserker began the quest for the
                  | Orb.
     0 | D:1      | Reached XP level 1. HP: 19/19 MP: 0/0
   172 | D:1      | Reached XP level 2. HP: 19/27 MP: 1/1
   765 | D:1      | Found a faded altar of an unknown god.
   926 | D:2      | Noticed Terence
   934 | D:2      | Killed Terence
   935 | D:2      | Reached XP level 3. HP: 18/33 MP: 2/2
  1298 | D:2      | Reached XP level 4. HP: 14/40 MP: 3/3
  1830 | D:3      | Found Veuxecro's Armour Boutique.
  1886 | D:3      | Reached ** piety under Trog
  1934 | D:3      | Found Cagin's Weapon Shop.
  2156 | D:3      | Noticed Ijyb
  2161 | D:3      | Killed Ijyb
  2322 | D:3      | Found the +7 staff of the Meek {protect, meekguard}
  2418 | D:3      | Reached XP level 5. HP: 47/47 MP: 4/4
  2448 | D:3      | Found Hukha's General Store.
  2456 | D:3      | Bought a scroll of identify for 28 gold pieces
  2456 | D:3      | Bought a scroll of identify for 28 gold pieces
  2714 | D:4      | Noticed an orc warrior
  2742 | D:4      | Killed an orc warrior
  2743 | D:4      | Reached skill level 5 in Fighting
  2743 | D:4      | Reached skill level 5 in Axes
  2743 | D:4      | Reached XP level 6. HP: 52/56 MP: 5/5
  2999 | D:4      | Reached *** piety under Trog
  3117 | D:4      | Noticed Menkaure
  3123 | D:4      | Slain by a gnoll

Illustrated notes

Levels and vault maps discovered:
D:1:      amcnicky_arrival_double_pillar, layout_rooms,
          shapermc_ecumenical_altar_mp_vishouse
D:2:      layout_loops_ring, uniq_terence
D:3:      layout_basic, serial_shops, shop_fountains, shop, shop,
          portal_sewer_entry_e, kennysheep_doodads, uniq_ijyb
D:4:      layout_basic, uniq_menkaure

Skill      XL: |  1  2  3  4  5  6 |
---------------+-------------------+-----
Axes           | 4 5 |  5.3
Fighting       | 4 5 |  5.3
Armour         | 3 4 |  4.5
Dodging        | 3 4 |  4.1

Action                   |  1- 3 |  4- 6 || total
-------------------------+-------+-------++-------
Melee: Hand axe          |    63 |    90 ||   153
       Headbutt          |    11 |    22 ||    33
       Punch             |       |     1 ||     1
Throw: Stone             |       |     1 ||     1
Invok: Berserk           |       |     2 ||     2
       Trog's Hand       |       |     1 ||     1
  Use: Scroll            |     2 |     5 ||     7
       Potion            |       |     1 ||     1
 Stab: Sleeping          |     1 |       ||     1
Armor: Animal skin       |     4 |       ||     4
       Scale mail        |    12 |    32 ||    44
Dodge: Dodged            |    35 |    53 ||    88

Table legend: (Time is in decaauts)
 A = Elapsed time spent in this place.
 B = Non-inter-level travel time spent in this place.
 C = Inter-level travel time spent in this place.
 D = Time resting spent in this place.
 E = Time spent auto-exploring this place.
 F = Levels seen in this place.
 G = Mean time per level.
                   A        B        C        D        E       F      G
               +--------+--------+--------+--------+--------+-----+--------+
         Total |   3150 |   3096 |     54 |     86 |   2562 |   4 |  787.5 |
       Dungeon |   3150 |   3096 |     54 |     86 |   2562 |   4 |  787.5 |
               +--------+--------+--------+--------+--------+-----+--------+

Top non-repeatable levels by time:
     D:2: 1050 daAuts
     D:3: 849 daAuts
     D:1: 792 daAuts
     D:4: 458 daAuts
